[Event "3rd Rio Open-Blitz 2024"]
[Site "Rio de Janeiro"]
[Date "2024.04.27"]
[Round "2.1"]
[White "Fier, Alexandr"]
[Black "Guimaraes, Lucas Dos S Peixoto"]
[Result "0-1"]
[ECO "A45"]
[WhiteElo "2566"]
[BlackElo "2019"]
[Annotator "TA"]
[PlyCount "66"]
[EventDate "2024.04.12"]
[EventType "swiss"]
[EventCountry "BRA"]
[SourceTitle "playchess.com"]
[Source "ChessBase"]
[SourceQuality "1"]
[TimeControl "180+2"]

1. d4 Nf6 2. Bg5 c5 3. Bxf6 gxf6 4. d5 d6 5. c4 Bf5 6. Nc3 Nd7 7. h4 (7. e4 $16 Bg6 8. Bd3) 7... Qa5 (7... Ne5 $11) 8. Qd2 (8. e4 $1 $16 Bxe4 9. Qe2) 8... h5 9. e3 Ne5 10. Nh3 Bh6 11. Nf4 O-O-O 12. Be2 (12. Nxh5 $14 Qb4 13. Nd1) 12... Bxf4 (12... Qb4 $11) 13. exf4 $14 Ng4 14. f3 Nh6 15. Kf2 (15. Nd1 {simplifies} Qxd2+ 16. Kxd2 e5 17. fxe5 fxe5 18. Ne3) 15... Rdg8 16. a3 Rg7 17. Qe3 Rhg8 18. Rh2 (18. Qxe7 $2 Rxg2+ 19. Ke1 Bg6 20. Qxd6 Re8 $19) (18. Rhg1 $11 Bd7 19. Bd3 (19. Qxe7 $2 Nf5 $19)) 18... Qc7 (18... Bd7 $15) 19. b4 {[%emt 0:00:02] [#]} (19. Nb5 $11 {keeps the balance.} Qd8 20. Nxa7+ Kb8 21. Nb5) 19... Rg3 $1 $17 {[%emt 0:00:08] Hoping for ...Ng4+.} 20. Nb5 {[%emt 0:00:06] [#]} Qd7 (20... Qd8 $1 $17 {Strongly threatening ...Ng4+.} 21. Qd2 (21. bxc5 $2 Ng4+ 22. fxg4 Rxe3 $19) (21. Nxa7+ $2 Kb8 $19) 21... a6) 21. bxc5 $2 (21. Nxa7+ $2 Kb8 22. Qd2 (22. Nb5 $2 Ng4+ 23. fxg4 Rxe3 $19) 22... Kxa7 $19) (21. Qd2 $11 {and White is okay.}) 21... Ng4+ $19 22. fxg4 Rxe3 23. Kxe3 Bxg4 (23... hxg4 24. g3 $19) 24. Bd3 Bf5 25. Bf1 Rg3+ 26. Kf2 Rg4 27. c6 $2 (27. g3) 27... Rxf4+ 28. Kg1 bxc6 29. dxc6 Qe6 {[%emt 0:00:07] ( -> ...Qe5)} 30. Kh1 a6 31. Nc3 Qe5 32. Rc1 Qe3 (32... Qxc3 $142 33. Rd1 Qc2 (33... Qxa3 $2 34. c5 $19) 34. Ra1 Qf2 35. Rh3 Bxh3 36. gxh3 Qg3 (36... Qxh4 {is a self mate.} 37. Bg2 Rxc4 38. Rg1 Rc2 39. Kh2 Qf4+ 40. Kh1 Qg3 41. c7 Kxc7 42. a4 a5 43. h4 Qxh4+ 44. Bh3 Qxh3#) 37. Bg2 Rxc4 38. a4 Rxh4 (38... Qxh4 {leads to mate.} 39. Rg1 Rc2 40. Bf1 Qf4 41. Rg8+ Kc7 42. Rc8+ Kxc8 43. Bxa6+ Kc7 44. Be2 Rxe2 45. Kg1 Qc1#) 39. Bf1 Qf3+ (39... Rxh3+ 40. Bxh3+ Qxh3+ 41. Kg1 Qe3+ 42. Kg2 Qd2+ 43. Kf1 Qd3+ 44. Kg2 Qd5+ 45. Kh3 Qb3+ 46. Kg2 Qb2+ 47. Kf3 Qxa1 48. Ke2 h4 49. Kf2 Qb2+ 50. Kf3 h3 51. Kg3 h2 52. Kg4 Qe5 53. Kh3 h1=Q+ 54. Kg4 Qhh5#) 40. Kg1 Qe3+ (40... Qxc6 $2 41. Kh2 $19) 41. Kh1 Qe4+ (41... Rxh3+ 42. Bxh3+ Qxh3+ 43. Kg1 Qe3+ 44. Kg2 Qe4+ 45. Kh3 Qe6+ 46. Kg2 Qd5+ 47. Kh3 Qb3+ 48. Kg2 Qb2+ 49. Kf3 Qxa1 50. Ke3 h4 51. Kf2 h3 52. Kg3 Qg1+ 53. Kf4 h2 54. Ke4 Qd1 55. Kf4 h1=Q 56. Kg3 Qdf3#) 42. Kg1 Qd4+ (42... Qxc6 $2 43. Ra2 $19) 43. Kg2 Qb2+ (43... Qxa1 44. Bxa6+ Kc7 45. Be2 Rf4 46. Kg3 Rf5 47. Kg2 Qb2 48. Kh1 Qxe2 49. h4 Rf1#) 44. Kf3 Qxa1 (44... Qc3+ 45. Kf2 Rf4+ 46. Kg2 Qb2+ 47. Be2 Qxe2+ 48. Kg1 Qe3+ 49. Kh2 Rf2+ 50. Kg1 Qg3+ 51. Kh1 Qh2#) 45. Bxa6+ Kc7 46. Kg2 Rf4 (46... Qxa4 47. Bf1 Rf4 48. Bd3 Qxc6+ 49. Kg1 Qc5+ 50. Kh1 Rf2 51. Kg1 Re2+ 52. Kh1 Qc1#) 47. Kg3 Qd4 (47... Rxa4 {gets mated.} 48. Be2 Qe1+ 49. Kf3 Ra3+ 50. Bd3 Qf1+ 51. Ke3 Rxd3+ 52. Ke4 f5#) 48. Kh2 Rf2+ (48... Kxc6 49. Kh1 Rf2 50. Bb5+ Kc5 51. Kg1 Re2+ 52. Kh1 Qd1#) 49. Kg1 Re2+ 50. Kh1 Qd1#) 33. Na2 {[%emt 0:00:01] [#]} Qxc1 $3 {[%emt 0:00:03][%mdl 512] Weighted Error Value: White=1.43/Black=0.44.  Loses game:     	White=1     	---        Mistake:       	White=6     	Black=4      Inaccurate:     	White=5     	Black=3      OK:         	White=2     	Black=5      Best:        	White=2     	Black=1      Strong:       	---       	Black=1} 0-1

[Event "3rd Rio Open-Blitz 2024"]
[Site "Rio de Janeiro"]
[Date "2024.04.27"]
[Round "2.2"]
[White "Guimaraes, Wagner Peixoto"]
[Black "Dias, Matheus Braga"]
[Result "0-1"]
[ECO "B86"]
[WhiteElo "2140"]
[BlackElo "1960"]
[Annotator "NA RC"]
[PlyCount "84"]
[EventDate "2024.04.12"]
[EventType "swiss"]
[EventCountry "BRA"]
[SourceTitle "playchess.com"]
[Source "ChessBase"]
[SourceQuality "1"]
[TimeControl "180+2"]

1. e4 c5 2. Nf3 d6 3. d4 cxd4 4. Nxd4 Nf6 5. Nc3 a6 6. Bc4 e6 7. Bb3 Be7 8. Be3 O-O 9. Qe2 Qc7 10. O-O-O Nbd7 11. g4 Nc5 12. f3 b5 13. g5 Nxb3+ 14. axb3 Nd7 15. Rhg1 Bb7 16. f4 Rfc8 17. Kb1 Nc5 18. Bc1 g6 19. b4 Na4 20. Nxa4 bxa4 21. h4 Qb6 22. c3 a5 23. Be3 axb4 24. Nxe6 Qc6 25. Nd4 Qxe4+ 26. Ka1 a3 27. b3 Rxc3 28. Rge1 Rac8 29. Nb5 Rc2 30. Qd3 Qc6 31. Nd4 Qc3+ 32. Qxc3 R2xc3 33. Nb5 Rxb3 34. Nxd6 Bxd6 35. Rxd6 Re8 36. Bd2 Rxe1+ 37. Bxe1 Be4 38. Rb6 Rb1+ 39. Ka2 Rxe1 40. Rxb4 Bd5+ 41. Kxa3 Be6 42. Kb2 Bf5 0-1

[Event "3rd Rio Open-Blitz 2024"]
[Site "Rio de Janeiro"]
[Date "2024.04.27"]
[Round "2.3"]
[White "Viana, Dirceu"]
[Black "Azevedo, Edmundo Roberto Ramo"]
[Result "1/2-1/2"]
[ECO "A11"]
[WhiteElo "2172"]
[BlackElo "1917"]
[Annotator "NA RC"]
[PlyCount "68"]
[EventDate "2024.04.12"]
[EventType "swiss"]
[EventCountry "BRA"]
[SourceTitle "playchess.com"]
[Source "ChessBase"]
[SourceQuality "1"]
[TimeControl "180+2"]

1. Nf3 d5 2. e3 Nf6 3. c4 c6 4. Nc3 Bg4 5. Qb3 Qb6 6. Ne5 e6 7. Nxg4 Nxg4 8. Be2 Nf6 9. O-O Nbd7 10. cxd5 Qxb3 11. axb3 Nxd5 12. Nxd5 exd5 13. d3 Bd6 14. Bd2 O-O 15. Bf3 a6 16. d4 Rfe8 17. Rfd1 Nf6 18. Be1 Ne4 19. Be2 h6 20. f3 Ng5 21. Bf2 Ne6 22. g4 Bc7 23. h3 Bb6 24. Kg2 Nxd4 25. Bxa6 Nxb3 26. Ra3 Rxa6 27. Rxb3 Re7 28. Rdd3 Ba7 29. Ra3 Rxa3 30. Rxa3 Bc5 31. Rc3 Bb6 32. Rb3 Bc5 33. Rc3 Bb6 34. Rb3 Bc5 1/2-1/2

[Event "3rd Rio Open-Blitz 2024"]
[Site "Rio de Janeiro"]
[Date "2024.04.27"]
[Round "2.4"]
[White "Deus Filho, Joaquim de"]
[Black "De Siqueira, Luigy Lira"]
[Result "0-1"]
[ECO "C22"]
[WhiteElo "1884"]
[BlackElo "2274"]
[Annotator "NA RC"]
[PlyCount "127"]
[EventDate "2024.04.12"]
[EventType "swiss"]
[EventCountry "BRA"]
[SourceTitle "playchess.com"]
[Source "ChessBase"]
[SourceQuality "1"]
[TimeControl "180+2"]

1. e4 e5 2. d4 exd4 3. Qxd4 Nc6 4. Qe3 Nf6 5. Nc3 Bb4 6. Bd2 O-O 7. O-O-O Re8 8. Qg3 d6 9. Bc4 Ne5 10. Bb3 Bxc3 11. Bxc3 Nxe4 12. Qf4 Nxc3 13. bxc3 Be6 14. Nf3 Nxf3 15. gxf3 Bxb3 16. cxb3 Qe7 17. Rhg1 Qe5 18. Qd2 a5 19. Rg4 a4 20. b4 g6 21. h4 Ra6 22. Re4 Qb5 23. Rxe8+ Qxe8 24. h5 Ra8 25. hxg6 fxg6 26. Qd5+ Qf7 27. Qxb7 Re8 28. Rd2 a3 29. Qa7 Re1+ 30. Kc2 Qxa2+ 31. Kd3 Qd5+ 32. Qd4 Qxd4+ 33. Kxd4 Kf7 34. Ra2 Rf1 35. Ke3 Ke6 36. Rxa3 c6 37. Ra7 h5 38. Rg7 Rg1 39. c4 h4 40. b5 cxb5 41. cxb5 h3 42. Rh7 Re1+ 43. Kd2 Rb1 44. Rxh3 Rxb5 45. Ke3 Kf5 46. Rh8 Rb3+ 47. Ke2 d5 48. Rf8+ Ke5 49. Re8+ Kd4 50. Re6 g5 51. Rg6 Rb2+ 52. Kf1 Kc3 53. Rxg5 d4 54. Rc5+ Kd2 55. f4 d3 56. f5 Rb4 57. Ra5 Rf4 58. Ra2+ Kc3 59. Ra3+ Kc2 60. Ra2+ Kb3 61. Ra5 d2 62. Ke2 Rxf2+ 63. Kxf2 Kc2 64. Rd5 0-1

[Event "3rd Rio Open-Blitz 2024"]
[Site "Rio de Janeiro"]
[Date "2024.04.27"]
[Round "2.5"]
[White "Oliveira, Fernando Ventura"]
[Black "Teixeira, Maria Luiza Prado"]
[Result "1-0"]
[ECO "D03"]
[WhiteElo "2044"]
[BlackElo "1928"]
[Annotator "NA RC"]
[PlyCount "99"]
[EventDate "2024.04.12"]
[EventType "swiss"]
[EventCountry "BRA"]
[SourceTitle "playchess.com"]
[Source "ChessBase"]
[SourceQuality "1"]
[TimeControl "180+2"]

1. d4 d5 2. Nf3 Nf6 3. c3 c5 4. Bg5 e6 5. e3 Nc6 6. Nbd2 h6 7. Bh4 b6 8. Bb5 Bd7 9. O-O Be7 10. Qa4 Qc8 11. Ne5 Nxe5 12. dxe5 Bxb5 13. Qxb5+ Qd7 14. Qd3 Nh7 15. Bxe7 Qxe7 16. e4 Rd8 17. exd5 Rxd5 18. Qe3 O-O 19. f4 Rfd8 20. Ne4 Rd3 21. Qe2 Nf8 22. Nd6 Rd5 23. Rad1 Rxd1 24. Rxd1 Ng6 25. g3 f6 26. Qe4 fxe5 27. fxe5 Nf8 28. Rf1 Nd7 29. h4 Nxe5 30. Qxe5 Qxd6 31. Qe3 Rd7 32. Rf2 Qd1+ 33. Kg2 Qg4 34. Rf4 Qg6 35. h5 Qe8 36. Re4 Re7 37. g4 Qf7 38. Rf4 Qe8 39. Kg3 e5 40. Rf5 Qb8 41. Kh3 Qd6 42. Qf3 Re8 43. Qe4 b5 44. a4 a6 45. axb5 axb5 46. Qb7 Re7 47. Qa8+ Kh7 48. Rf8 g6 49. Rh8+ Kg7 50. Qf8# 1-0

[Event "3rd Rio Open-Blitz 2024"]
[Site "Rio de Janeiro"]
[Date "2024.04.27"]
[Round "2.6"]
[White "Guzman, Alessandro Lucien do"]
[Black "Librelato, Kathie Goulart"]
[Result "0-1"]
[ECO "E61"]
[WhiteElo "1797"]
[BlackElo "2165"]
[Annotator "NA RC"]
[PlyCount "84"]
[EventDate "2024.04.12"]
[EventType "swiss"]
[EventCountry "BRA"]
[SourceTitle "playchess.com"]
[Source "ChessBase"]
[SourceQuality "1"]
[TimeControl "180+2"]

1. d4 Nf6 2. Nf3 g6 3. e3 Bg7 4. c4 O-O 5. Nc3 c5 6. Be2 d6 7. O-O Nc6 8. d5 Nb8 9. Qc2 e6 10. e4 exd5 11. exd5 Re8 12. Re1 Na6 13. a3 Nc7 14. Bg5 h6 15. Bh4 a6 16. Bd3 Bd7 17. Rab1 b5 18. b3 Rb8 19. Bg3 Bg4 20. Nd2 Nh5 21. f3 Bc8 22. Bxg6 fxg6 23. Qxg6 Nxg3 24. hxg3 Rxe1+ 25. Rxe1 Qg5 26. Qxd6 Qxd2 27. Re7 Qxc3 28. Qd8+ Kh7 29. Qxc7 Rb7 30. Qxc5 Rxe7 31. Qxe7 bxc4 32. d6 Qd4+ 33. Kh2 cxb3 34. Qc7 Be6 35. f4 b2 36. Qc2+ Kg8 37. d7 Qxd7 38. g4 Bxg4 39. Qb3+ Be6 40. Qc2 Bf5 41. Qb3+ Kh7 42. g3 b1=Q 0-1

[Event "3rd Rio Open-Blitz 2024"]
[Site "Rio de Janeiro"]
[Date "2024.04.27"]
[Round "3.1"]
[White "Hoffman, Alejandro"]
[Black "Zacarias, Rodrigo Medeiros"]
[Result "1-0"]
[ECO "A11"]
[WhiteElo "2379"]
[BlackElo "2101"]
[Annotator "TA"]
[PlyCount "99"]
[EventDate "2024.04.12"]
[EventType "swiss"]
[EventCountry "BRA"]
[SourceTitle "playchess.com"]
[Source "ChessBase"]
[SourceQuality "1"]
[TimeControl "180+2"]

1. Nf3 d5 2. c4 c6 3. e3 Nf6 4. Nc3 e6 5. b3 Be7 6. Bb2 O-O 7. d4 Nbd7 8. Bd3 {[%emt 0:00:03] The position is equal.} a6 9. O-O b5 10. e4 ({Better is} 10. c5 $14) 10... b4 11. e5 $1 bxc3 12. exf6 Bxf6 13. Bxc3 c5 (13... a5 $11 {remains equal.}) 14. cxd5 $16 exd5 15. Qc2 {[%emt 0:00:06] Black must now prevent dxc5.} cxd4 16. Nxd4 {[%emt 0:00:23] White is much more active. The black rooks are passive.} (16. Bxh7+ $16 Kh8 17. Bb4 (17. Bxd4 Bxd4 18. Nxd4 Qh4 $17)) 16... g6 $14 17. Rfe1 ({White should try} 17. Nc6 $14 Qb6 18. Bxf6 Nxf6 19. Rfc1) 17... Bb7 $11 {[%emt 0:00:04] aiming for ...Rc8.} 18. Qb2 Re8 19. h3 Qb6 {[%emt 0:00:08] And now ...Rec8 would win.} 20. Nf3 Rac8 (20... d4 $11 21. Bxd4 (21. Nxd4 Rec8 $11) 21... Bxf3 22. Bxf6 Nxf6) 21. Rxe8+ Rxe8 22. Rd1 Bxc3 23. Qxc3 Nc5 24. Qd4 Qd6 25. Bc2 Ne6 26. Qf6 Qe7 27. Qxe7 Rxe7 28. Bd3 Nc5 29. Nd4 Nxd3 30. Rxd3 {[%emt 0:00:00][%mdl 4096] Endgame. KRB-KRN} Re1+ 31. Kh2 Ra1 32. Rd2 Rc1 33. f3 Kf8 34. Kg3 h5 35. h4 Kg7 36. Kf4 Re1 (36... Kf6 $11) 37. Rc2 $16 Re7 {[%emt 0:00:02] Prevents Rc7.} (37... Rd1 $16 38. Ke3 a5) 38. b4 $18 f6 39. a4 Ba8 {[%emt 0:00:02] Loses the game.} (39... Kf8 $16 40. Rc5 Ke8) 40. Rc8 Bb7 41. Rb8 Kf7 42. b5 axb5 43. axb5 {[%emt 0:00:00] Kg3 would now be deadly.} Rc7 44. b6 Re7 {[%emt 0:00:02] [#]} (44... Rd7 {is more resistant.} 45. Ke3 Ke7) 45. Nb5 d4 46. Nd6+ Ke6 47. Nxb7 Kd5 48. Rd8+ Kc4 49. Nd6+ Kc3 50. b7 {[%emt 0:00:00] Weighted Error Value: White=0.11 (very precise) /Black=0.48.  Mistake:       	White=3     	Black=6      Inaccurate:     	White=2     	Black=1      OK:         	White=14    	Black=13     Best:        	White=2     	Black=3      Strong:       	White=1     	---} 1-0

[Event "3rd Rio Open-Blitz 2024"]
[Site "Rio de Janeiro"]
[Date "2024.04.27"]
[Round "3.2"]
[White "De Siqueira, Luigy Lira"]
[Black "Becker, Rogerio Sperb"]
[Result "1-0"]
[ECO "B05"]
[WhiteElo "2274"]
[BlackElo "2054"]
[Annotator "NA RC"]
[PlyCount "111"]
[EventDate "2024.04.12"]
[EventType "swiss"]
[EventCountry "BRA"]
[SourceTitle "playchess.com"]
[Source "ChessBase"]
[SourceQuality "1"]
[TimeControl "180+2"]

1. e4 Nf6 2. e5 Nd5 3. d4 d6 4. Nf3 Bg4 5. Be2 c6 6. O-O Bxf3 7. Bxf3 dxe5 8. dxe5 e6 9. c4 Ne7 10. Nc3 Ng6 11. Re1 Qc7 12. Bh5 Bc5 13. Ne4 Qxe5 14. Bg5 Qd4 15. Qxd4 Bxd4 16. Rad1 c5 17. Nxc5 Bf6 18. Bxf6 gxf6 19. Bxg6 hxg6 20. Nxb7 Nc6 21. Nc5 Rc8 22. b3 O-O 23. Nd7 Rfd8 24. Nxf6+ Kg7 25. Ne4 Nd4 26. Kf1 e5 27. Nc3 f6 28. Nd5 g5 29. g3 Rh8 30. Kg2 Rce8 31. f4 gxf4 32. gxf4 Nf5 33. fxe5 fxe5 34. c5 Nd4 35. b4 Kf7 36. a3 Reg8+ 37. Kh1 Nf3 38. Re2 Ke6 39. Nf4+ Kf5 40. Nd3 e4 41. Rf1 Rg7 42. c6 Rgh7 43. Rff2 Rd8 44. Ne1 Rd1 45. Rf1 a6 46. a4 Rb1 47. b5 axb5 48. axb5 Kf4 49. Ref2 Rxb5 50. Nxf3 exf3 51. Rxf3+ Ke4 52. Rf7 Rh6 53. c7 Rc6 54. Re1+ Kd5 55. Rd7+ Kc5 56. Rc1+ 1-0

[Event "3rd Rio Open-Blitz 2024"]
[Site "Rio de Janeiro"]
[Date "2024.04.27"]
[Round "3.3"]
[White "Mafra, Kaiser Luiz"]
[Black "Oliveira, Fernando Ventura"]
[Result "0-1"]
[ECO "B23"]
[WhiteElo "2074"]
[BlackElo "2044"]
[Annotator "NA RC"]
[PlyCount "101"]
[EventDate "2024.04.12"]
[EventType "swiss"]
[EventCountry "BRA"]
[SourceTitle "playchess.com"]
[Source "ChessBase"]
[SourceQuality "1"]
[TimeControl "180+2"]

1. e4 c5 2. Nc3 Nc6 3. f4 g6 4. Nf3 Bg7 5. Bc4 e6 6. f5 a6 7. a4 Nge7 8. fxe6 dxe6 9. O-O O-O 10. d3 Nd4 11. Nxd4 Qxd4+ 12. Kh1 Nc6 13. Ne2 Qd6 14. Bf4 e5 15. Bg3 Be6 16. Bxe6 Qxe6 17. Nc3 Rad8 18. Nd5 Rxd5 19. exd5 Qxd5 20. Qf3 Qd4 21. c3 Qd7 22. Rfe1 Rd8 23. Bf2 b6 24. h3 Na5 25. b4 cxb4 26. Bxb6 Nb3 27. Bxd8 Nxa1 28. Rxa1 Qxd8 29. Qe4 bxc3 30. Rc1 Qd4 31. Qa8+ Bf8 32. Qc8 Qxd3 33. Qxc3 Qe4 34. Qc4 Qb7 35. Qc8 Qb2 36. Rf1 Qe2 37. Qc1 Kg7 38. Re1 Qf2 39. Qe3 Qxe3 40. Rxe3 Bd6 41. a5 f5 42. Rb3 Bc5 43. Rb6 e4 44. Rxa6 Kf7 45. Rc6 Bd4 46. a6 e3 47. Rc2 Ke6 48. Kh2 Kd5 49. Kg3 Ke4 50. Re2 f4+ 51. Kg4 0-1

[Event "3rd Rio Open-Blitz 2024"]
[Site "Rio de Janeiro"]
[Date "2024.04.27"]
[Round "3.4"]
[White "Librelato, Kathie Goulart"]
[Black "Lage, Pedro Ferreira"]
[Result "1-0"]
[ECO "B21"]
[WhiteElo "2165"]
[BlackElo "2061"]
[Annotator "NA RC"]
[PlyCount "59"]
[EventDate "2024.04.12"]
[EventType "swiss"]
[EventCountry "BRA"]
[SourceTitle "playchess.com"]
[Source "ChessBase"]
[SourceQuality "1"]
[TimeControl "180+2"]

1. e4 c5 2. d3 Nc6 3. f4 g6 4. Nf3 Bg7 5. Be2 e6 6. O-O Nge7 7. Kh1 O-O 8. c3 d5 9. e5 Nf5 10. Qe1 f6 11. exf6 Bxf6 12. Bd1 Qc7 13. Na3 e5 14. fxe5 Nxe5 15. Bb3 c4 16. dxc4 dxc4 17. Nxe5 cxb3 18. Ng4 Bg7 19. axb3 Bd7 20. Bf4 Qb6 21. b4 Rae8 22. Qd1 Be6 23. Nc2 Bc4 24. Re1 Rxe1+ 25. Qxe1 Nd6 26. Bg3 Re8 27. Qd2 Ne4 28. Qe3 Nd6 29. Qxb6 axb6 30. Bxd6 1-0

[Event "3rd Rio Open-Blitz 2024"]
[Site "Rio de Janeiro"]
[Date "2024.04.27"]
[Round "3.5"]
[White "Urquiza, Marcello de Albuquer"]
[Black "Souza, Iago Henrique da Sil"]
[Result "1-0"]
[ECO "B15"]
[WhiteElo "2005"]
[BlackElo "2052"]
[Annotator "NA RC"]
[PlyCount "53"]
[EventDate "2024.04.12"]
[EventType "swiss"]
[EventCountry "BRA"]
[SourceTitle "playchess.com"]
[Source "ChessBase"]
[SourceQuality "1"]
[TimeControl "180+2"]

1. e4 c6 2. d4 d5 3. Nc3 dxe4 4. Nxe4 Nf6 5. Nxf6+ exf6 6. c3 Bd6 7. Bd3 O-O 8. Qc2 Re8+ 9. Ne2 h5 10. O-O Nd7 11. Bf4 Rxe2 12. Qxe2 Bxf4 13. Qe4 Bh6 14. Qh7+ Kf8 15. Rfe1 Ne5 16. Qh8+ Ke7 17. Qxd8+ Kxd8 18. dxe5 Ke7 19. exf6+ Kxf6 20. Re8 b6 21. Ba6 Bxa6 22. Rxa8 Bd3 23. Rxa7 Bf4 24. Rd1 Bf5 25. g3 Be5 26. f4 Bb8 27. Rb7 1-0

[Event "3rd Rio Open-Blitz 2024"]
[Site "Rio de Janeiro"]
[Date "2024.04.27"]
[Round "4.1"]
[White "Ribeiro, Matheus Mendes Domin"]
[Black "Hoffman, Alejandro"]
[Result "0-1"]
[ECO "A21"]
[WhiteElo "2228"]
[BlackElo "2379"]
[Annotator "TA"]
[PlyCount "72"]
[EventDate "2024.04.12"]
[EventType "swiss"]
[EventCountry "BRA"]
[SourceTitle "playchess.com"]
[Source "ChessBase"]
[SourceQuality "1"]
[TimeControl "180+2"]

1. c4 g6 2. Nc3 Bg7 3. g3 e5 4. Bg2 f5 5. e3 Nf6 6. Nge2 O-O 7. O-O c6 8. d4 d6 9. b3 Qe7 10. Bb2 g5 (10... Na6 $11) 11. Qc2 (11. f3 $1 $14) 11... Na6 {[%emt 0:00:03] The position is equal.} 12. a3 e4 13. d5 Nc5 14. Nd4 Bd7 15. Rad1 Nd3 (15... Ng4 $15 {keeps the upper hand.}) 16. Ba1 (16. Rxd3 c5 17. Ne6 exd3 18. Qxd3 Ng4) (16. dxc6 $1 $16 Nxb2 (16... bxc6 17. Rxd3 exd3 18. Qxd3 $16) 17. cxb7) 16... cxd5 (16... Ne5 $11) 17. cxd5 (17. Rxd3 $14 exd3 18. Qxd3) 17... Rac8 (17... Rae8 $11) 18. f3 $2 (18. Rxd3 $1 $14 exd3 19. Qxd3) 18... Nc5 {[%emt 0:00:18] Black is more active.} (18... exf3 $1 $17 19. Rxd3 fxg2 20. Qxg2 Ng4) 19. b4 Na4 {[%emt 0:00:03] aiming for ...Nxc3.} (19... exf3 20. Bxf3 Nce4 (20... Qxe3+ 21. Kg2 $11) 21. Qd3 $11) 20. Qb3 (20. Qd2 $17 exf3 21. Bxf3 Nxc3 22. Bxc3) 20... Nxc3 $19 21. Bxc3 exf3 22. Rxf3 {[%emt 0:00:17][%cal Od4e6] [#]} g4 $1 23. Rf2 Qxe3 24. Bb2 Bh6 ({Black should try} 24... Qxb3 $19 25. Nxb3 Ba4) 25. Bc1 $2 Qxb3 $2 (25... Rxc1 $19 {has better winning chances.} 26. Rxc1 Qxc1+ 27. Rf1 Qe3+ 28. Qxe3 Bxe3+ 29. Kh1 Bxd4) 26. Nxb3 $17 Bxc1 27. Nxc1 Rfe8 28. Nd3 Ba4 29. Rdd2 {[%emt 0:00:12][%mdl 8192] [#]} (29. Ra1 $17 {is more resistant.}) 29... Rc3 $2 (29... Ne4 $1 $19 30. Ra2 Nxf2 31. Kxf2 Bb5) 30. Bf1 $2 (30. Rxf5 $15 Rf8 31. Nf4 Rc1+ (31... Rxa3 $2 {is the wrong capture.} 32. Ne6 $18) 32. Kf2) 30... Ne4 $19 {[%emt 0:00:02] Black is clearly winning.} ({Not} 30... Nxd5 31. Nf4 Ne3 32. Nd5 Nxd5 (32... Rxa3 33. Nf6+ Kf7 34. Nxe8 $14) 33. Rxd5 $17) 31. Nf4 Nxf2 32. Rxf2 Re1 33. Ne6 Bb5 34. Rxf5 Rxf1+ ({Worse is} 34... Rxa3 35. Rf8#) 35. Rxf1 Bxf1 36. Kxf1 Rxa3 {[%emt 0:00:01] Weighted Error Value: White=1.27/Black=0.98.  Loses game:     	White=4     	---        Missed win:     	---       	Black=3      Mistake:       	White=4     	Black=5      Inaccurate:     	White=5     	---        OK:         	White=2     	Black=5      Best:        	---       	Black=2      Strong:       	---       	Black=1} 0-1

[Event "3rd Rio Open-Blitz 2024"]
[Site "Rio de Janeiro"]
[Date "2024.04.27"]
[Round "4.2"]
[White "Urquiza, Marcello de Albuquer"]
[Black "De Siqueira, Luigy Lira"]
[Result "1/2-1/2"]
[ECO "C45"]
[WhiteElo "2005"]
[BlackElo "2274"]
[Annotator "NA RC"]
[PlyCount "86"]
[EventDate "2024.04.12"]
[EventType "swiss"]
[EventCountry "BRA"]
[SourceTitle "playchess.com"]
[Source "ChessBase"]
[SourceQuality "1"]
[TimeControl "180+2"]

1. e4 e5 2. Nf3 Nc6 3. d4 exd4 4. Nxd4 Bc5 5. Nb3 Bb6 6. Nc3 Nf6 7. Qe2 O-O 8. Be3 d5 9. O-O-O d4 10. Nb5 Qe7 11. N5xd4 Nxd4 12. Bxd4 Qxe4 13. f3 Qxe2 14. Bxe2 Re8 15. Bd3 Be6 16. Rhe1 Bxb3 17. Bxf6 Bxa2 18. Bc3 Be6 19. Be4 c6 20. g4 a5 21. h4 a4 22. h5 a3 23. bxa3 Rxa3 24. Bb2 Raa8 25. Rd3 Rad8 26. Red1 Bc4 27. Rxd8 Rxd8 28. Rxd8+ Bxd8 29. Kd2 Ba5+ 30. Bc3 Bxc3+ 31. Kxc3 Bb5 32. Kb4 g6 33. hxg6 hxg6 34. Kc5 Kg7 35. Kb6 Ba6 36. Bd3 Bxd3 37. cxd3 Kf6 38. Kxb7 Ke5 39. Kxc6 Kd4 40. Kd6 Kxd3 41. Ke7 f5 42. gxf5 gxf5 43. Kf6 Ke3 1/2-1/2

[Event "3rd Rio Open-Blitz 2024"]
[Site "Rio de Janeiro"]
[Date "2024.04.27"]
[Round "4.3"]
[White "Oliveira, Fernando Ventura"]
[Black "Librelato, Kathie Goulart"]
[Result "1/2-1/2"]
[ECO "E90"]
[WhiteElo "2044"]
[BlackElo "2165"]
[Annotator "NA RC"]
[PlyCount "81"]
[EventDate "2024.04.12"]
[EventType "swiss"]
[EventCountry "BRA"]
[SourceTitle "playchess.com"]
[Source "ChessBase"]
[SourceQuality "1"]
[TimeControl "180+2"]

1. d4 Nf6 2. Nf3 g6 3. c4 Bg7 4. Nc3 O-O 5. e4 d6 6. h3 e5 7. dxe5 dxe5 8. Qxd8 Rxd8 9. Nd5 Nxd5 10. cxd5 c6 11. Bc4 cxd5 12. Bxd5 Nc6 13. Bg5 Re8 14. O-O-O Nd4 15. Nxd4 exd4 16. f4 Be6 17. Bxe6 Rxe6 18. e5 h6 19. Bh4 g5 20. fxg5 Bxe5 21. gxh6 Rxh6 22. Bf2 Rd8 23. Rd3 Rf6 24. Bh4 Rc6+ 25. Kb1 Rdc8 26. Re1 Rc2 27. a3 f6 28. Rf1 Kg7 29. g4 Rh2 30. g5 Rcc2 31. gxf6+ Kf7 32. Rb3 d3 33. Rxb7+ Kf8 34. Rd1 Rxb2+ 35. Rxb2 Rxb2+ 36. Kc1 Rc2+ 37. Kb1 Rb2+ 38. Kc1 Rc2+ 39. Kb1 Rb2+ 40. Kc1 Rc2+ 41. Kb1 1/2-1/2

[Event "3rd Rio Open-Blitz 2024"]
[Site "Rio de Janeiro"]
[Date "2024.04.27"]
[Round "4.4"]
[White "Viana, Dirceu"]
[Black "Labussiere, Yago"]
[Result "1/2-1/2"]
[ECO "A12"]
[WhiteElo "2172"]
[BlackElo "2184"]
[Annotator "NA RC"]
[PlyCount "106"]
[EventDate "2024.04.12"]
[EventType "swiss"]
[EventCountry "BRA"]
[SourceTitle "playchess.com"]
[Source "ChessBase"]
[SourceQuality "1"]
[TimeControl "180+2"]

1. g3 d5 2. Bg2 Nf6 3. Nf3 Bf5 4. b3 e6 5. Bb2 h6 6. c4 c6 7. O-O Be7 8. d3 O-O 9. Nbd2 a5 10. a3 Bh7 11. Ra2 Nbd7 12. Qa1 Re8 13. Ne5 Nxe5 14. Bxe5 Bf8 15. Rc1 Nd7 16. Bc3 Qb6 17. b4 axb4 18. axb4 Rxa2 19. Qxa2 Nb8 20. Qa5 Qxa5 21. bxa5 Na6 22. Rb1 Re7 23. Kf1 Rd7 24. cxd5 cxd5 25. Bd4 Bb4 26. Nb3 f6 27. Rc1 Kf7 28. Bb6 Ke7 29. Rc8 Bf5 30. f4 e5 31. fxe5 fxe5 32. Rg8 Kf7 33. Ra8 Be6 34. Nc1 Ke7 35. Rh8 Bf7 36. Rh7 Kf6 37. Bh3 Be6 38. Bxe6 Kxe6 39. Rh8 Bd2 40. Nb3 Bb4 41. Rc8 Ke7 42. Kg2 Kf7 43. e4 dxe4 44. dxe4 Rd3 45. Nc5 Nxc5 46. Bxc5 Bxa5 47. Rb8 Rd7 48. Kf3 Bd8 49. h4 Bf6 50. Rf8+ Ke6 51. Rb8 Kf7 52. Rf8+ Kg6 53. Kg4 h5+ 1/2-1/2